cohdb
Replays
Latest Replays
All Replays
Popular Replays
Top Player Replays
Match Explorer
How It Works
Community
CoH3 Stats
Reddit
Sign in to upload your games and track your stats! →
Sign in with Steam
Match 37880029
Unlisted
Match 37880029
Overview
Messages
Build Orders
End
Panzerpioneer Squad
Selects Italian Infantry
250 Light Carrier
Construct Light Support Kompanie
Panzerjäger Squad
Panzerjäger Squad
Combat Half-tracks
Fire Support Elements
Veteran Squad Leaders
2.5-tonne Medical Truck
Selects Guastatori Squad
Guastatori Squad
Guastatori Squad
pasuco
MORDEN
霸气登场
enfield141
Cosimino
Honey
khj
kpudk
0
0
Comments
sign in to comment!
No comments posted yet!